[Event "Late-Titled-Tuesday-Blitz-November-28-2023"]
[Site "Chess.com"]
[Date "2023.11.28"]
[Round "1"]
[White "dorpato"]
[Black "whitemirrorninja"]
[Result "0-1"]
[WhiteElo "2089"]
[BlackElo "2527"]
[TimeControl "180+1"]
[EndTime "14:07:42 PST"]
[Termination "whitemirrorninja won by resignation"]

1. e4 e5 2. Nf3 Nc6 3. d4 exd4 4. c3 d5 5. exd5 Qxd5 6. cxd4 Bb4+ 7. Nc3 Bg4 8. Be2 O-O-O 9. O-O Qa5 10. Be3 Nf6 11. Rc1 Rhe8 12. a3 Bxc3 13. Rxc3 Nd5 14. Rd3 Nxe3 15.
fxe3 f6 16. h3 Be6 17. b4 Qd5 18. Rc3 Qd6 19. Qc2 Kb8 20. Rc1 Rc8 21. Bb5 Bd7 22. Kh1 Nxb4 23. axb4 Bxb5 24. Rc5 c6 25. Qc3 a6 26. d5 Qd7 27. dxc6 Rxc6 28. Rxc6 Qxc6 29. Qd2 Qe6 30. e4 Qxe4 31. Qd6+ Ka8 32. Rc7 Bc6 33.
Rxg7 Qb1+ 34. Kh2 Bxf3 35. gxf3 Re2+ 36. Rg2 Rxg2+ 37. Kxg2 Qb2+ 38. Kg1 Qc3 39. Qd8+ Ka7 40. Qd6 Qe3+ 41. Kg2 Qe2+ 42. Kg3 Qe5+ 43. Qxe5 fxe5 44. Kg4 b6 45. Kf5 a5 46. Kxe5 a4 47. Kd4 b5 48.
Kc3 Kb7 49. f4 Kc7 50. f5 Kd7 51. Kd4 Ke7 52. Ke5 Kf7 53. f6 0-1

[Event "Late-Titled-Tuesday-Blitz-November-28-2023"]
[Site "Chess.com"]
[Date "2023.11.28"]
[Round "1"]
[White "GHANDEEVAM2003"]
[Black "noblerone"]
[Result "1-0"]
[WhiteElo "3146"]
[BlackElo "2501"]
[TimeControl "180+1"]
[EndTime "14:07:43 PST"]
[Termination "GHANDEEVAM2003 won on time"]

1. c4 c6 2. Nf3 d5 3. e3 Nf6 4. b3 Bg4 5. Bb2 e6 6. Be2 Nbd7 7. O-O Bd6 8. d4 Ne4 9. Nbd2 f5 10. Ne5 Bxe2 11.
Qxe2 Nxd2 12. Qxd2 Nf6 13. f3 O-O 14. a4 dxc4 15. Nxc4 Bc7 16. Ba3 Re8 17. Rad1 Nd5 18. g3 Qg5 19. e4 Qxd2 20. Rxd2 Nf6 21. Bd6 Rac8 22. Bxc7 Rxc7 23. exf5 exf5 24. Kf2 Rce7 25. Nd6 Rd8 26. Nxf5 Red7 27. Rfd1 Nd5 28. Ne3 Kf7 29. Nc4 Kg8 30. Ne5 Re7 31. f4 Nf6 32. Kf3 Nd5 33. Re1 Rde8 34. Rde2 Nc3 35. Rb2 a6 36. Rc1 Nd5 37.
b4 g6 38. b5 cxb5 39. axb5 a5 40. Rc5 Nb6 41. Ra2 a4 42. Ke4 Rd8 43. d5 Kg7 44.
Kd4 Kf6 45. Nc4 Nxc4 46. Rxc4 Red7 47. Rc5 b6 48. Rc6+ Kf5 49. Rxb6 Rxd5+ 50. Kc3 Rd3+ 51.
Kb4 R8d4+ 52. Ka5 a3 53. Rc6 Rb3 54. b6 Rdb4 55. h3 Ke4 56. Rac2 Kf3 57. R6c3+ Ke4 58. Rc4+ Rxc4 59. Rxc4+ Kd3 60. Ra4 1-0

[Event "Late-Titled-Tuesday-Blitz-November-28-2023"]
[Site "Chess.com"]
[Date "2023.11.28"]
[Round "1"]
[White "Hoshka"]
[Black "zajka-molotok"]
[Result "0-1"]
[WhiteElo "2135"]
[BlackElo "2533"]
[TimeControl "180+1"]
[EndTime "14:07:44 PST"]
[Termination "zajka-molotok won by resignation"]

1. d4 d5 2. c4 e6 3. g3 Nf6 4.
Bg2 c6 5. Nf3 Bd6 6. O-O O-O 7.
Qc2 Ne4 8. Nfd2 f5 9. f3 Nf6 10. e4 fxe4 11. fxe4 e5 12. exd5 exd4 13. c5 Be5 14. Nf3 Qxd5 15. Nxe5 Qxe5 16. Bf4 Qh5 17. Qc4+ Kh8 18. Qxd4 Bh3 19. Nc3 Nbd7 20. Rae1 Bxg2 21. Kxg2 Qxc5 22. Qxc5 Nxc5 23. Bd6 Nd3 24. Bxf8 Nxe1+ 25. Rxe1 Rxf8 26. Re7 Rb8 27. Na4 Nd5 28. Rd7 Nb6 29.
Nxb6 axb6 30. Kf3 b5 31. Ke4 h6 32. Kd4 b6 33. Rc7 c5+ 34. Kd5 b4 35. Kc6 Ra8 36.
Kxb6 Rxa2 37. b3 Rb2 38. Kxc5 Rxb3 39. Ra7 Rb2 40. h4 Kh7 41. g4 Rg2 42. g5 h5 43.
Kxb4 Rg4+ 44. Kc5 Rxh4 45. Kd6 Rg4 46. Ra5 Kg6 47. Ke6 Rxg5 0-1

[Event "Late-Titled-Tuesday-Blitz-November-28-2023"]
[Site "Chess.com"]
[Date "2023.11.28"]
[Round "1"]
[White "SmirnovTimofey2000"]
[Black "zverr1"]
[Result "0-1"]
[WhiteElo "2070"]
[BlackElo "2526"]
[TimeControl "180+1"]
[EndTime "14:07:44 PST"]
[Termination "zverr1 won by checkmate"]

1. d4 Nf6 2. Bf4 g6 3. Nc3 d5 4. e3 Bg7 5. h4 h6 6. Nf3 O-O 7. Ne5 c6 8. g4 Ne4 9. Bd3 Nxc3 10. bxc3 Qa5 11. Qd2 c5 12. h5 g5 13. Bg3 Nc6 14. f4 Nxe5 15. fxe5 Bxg4 16. e4 Bf3 17. Rf1 dxe4 18.
Be2 cxd4 19. cxd4 Qxd2+ 20. Kxd2 Bxe2 21. Kxe2 Rac8 22. Rac1 f5 23. exf6 exf6 24. Ke3 Rc3+ 25. Kf2 f5 26. Bd6 Bxd4+ 27. Kg2 Rf6 28. Be7 Rf7 29.
Bb4 Rc4 30. a3 Bc3 31. Rcd1 Bxb4 32. axb4 Rxb4 33. Rd8+ Kg7 34. Rfd1 Rc4 35. R1d2 f4 36. R8d6 Rc6 37. Rd8 e3 38. Rd1 f3+ 39. Kg3 Rxc2 40. Re8 f2 41. Rdd8 Rf3+ 42. Kg4 Rc4+ 43. Kxf3 f1=Q+ 44. Kxe3 Qf4+ 45. Kd3 Qf1+ 46. Kd2 Qc1+ 47. Ke2 Rc2+ 48. Kd3 Qd1+ 49. Ke3 Re2+ 50. Kf3 Qf1+ 51. Kg3 Rg2+ 52. Kh3 Qh1# 0-1

[Event "Late-Titled-Tuesday-Blitz-November-28-2023"]
[Site "Chess.com"]
[Date "2023.11.28"]
[Round "1"]
[White "chrisclaireredfield"]
[Black "kai_nov"]
[Result "1-0"]
[WhiteElo "2574"]
[BlackElo "2242"]
[TimeControl "180+1"]
[EndTime "14:07:45 PST"]
[Termination "chrisclaireredfield won on time"]

1. Nf3 d5 2. g3 c6 3. Bg2 Nf6 4. c4 Bg4 5. cxd5 cxd5 6. Qb3 Qb6 7. Qxb6 axb6 8. O-O Bd7 9. d3 e6 10. Be3 Bc5 11. d4 Bd6 12. Nbd2 Na6 13. Rfc1 Ke7 14. Ne5 Rhc8 15. a3 h6 16. Nxd7 Kxd7 17. Nf3 b5 18. Ne5+ Ke7 19. Kf1 b4 20. a4 Bxe5 21. dxe5 Nd7 22. f4 Nac5 23. Bd2 Kd8 24. Bxb4 Nb3 25. Rxc8+ Rxc8 26. Ra3 Rc1+ 27. Kf2 Ndc5 28. Bxc5 Nxc5 29. b4 Na6 30. b5 Nc5 31. a5 Kc7 32. a6 bxa6 33.
bxa6 Kb8 34. f5 Ka7 35. g4 Nd7 36. e4 Nxe5 37. exd5 exd5 38. Bxd5 Nxg4+ 39. Kg3 Ne5 40. Bb7 f6 41. Ra4 Rc3+ 42. Kg2 Rc4 43. Ra5 Rc2+ 44.
Kg1 Rc1+ 45. Kf2 Rc2+ 46. Kg3 Rc3+ 47. Kf4 Rc4+ 48. Ke3 Rc2 49. Rd5 1-0

[Event "Late-Titled-Tuesday-Blitz-November-28-2023"]
[Site "Chess.com"]
[Date "2023.11.28"]
[Round "1"]
[White "gabduschew"]
[Black "Byniolus"]
[Result "0-1"]
[WhiteElo "2423"]
[BlackElo "2790"]
[TimeControl "180+1"]
[EndTime "14:07:49 PST"]
[Termination "Byniolus won on time"]

1. b3 d5 2. Bb2 Nf6 3. e3 Bf5 4.
Bd3 Bxd3 5. cxd3 e6 6. f4 Be7 7. Nf3 O-O 8. O-O c5 9. Ne5 Nbd7 10. Nc3 Rc8 11. Qf3 Nxe5 12. fxe5 Nd7 13. Ne2 b5 14. Qg4 c4 15. d4 cxb3 16. axb3 Rc2 17. Bc1 a5 18. Nc3 b4 19. Na4 Qc8 20. Qd1 Rc6 21. d3 f6 22. Bb2 f5 23. e4 fxe4 24. dxe4 Rxf1+ 25. Kxf1 dxe4 26. d5 Rc2 27. Kg1 e3 28. Qg4 Nf8 29. d6 Bd8 30. Rf1 e2 31. Re1 Qd7 32.
Rxe2 Rxe2 33. Qxe2 Ng6 34. Qc4 h6 35. Nc5 Qf7 36.
Qxe6 Bb6 37. Qxf7+ Kxf7 38. Bd4 Bxc5 39. Bxc5 Nxe5 40. Bb6 Nc6 41. Kf2 Ke6 42. Bc7 a4 43. bxa4 b3 0-1

[Event "Late-Titled-Tuesday-Blitz-November-28-2023"]
[Site "Chess.com"]
[Date "2023.11.28"]
[Round "1"]
[White "NCchamp"]
[Black "DawnofEpiphany"]
[Result "0-1"]
[WhiteElo "2340"]
[BlackElo "2649"]
[TimeControl "180+1"]
[EndTime "14:07:51 PST"]
[Termination "DawnofEpiphany won on time"]

1. e4 e6 2. d4 d5 3. exd5 exd5 4. Nf3 Nf6 5. Bd3 c5 6. dxc5 Bxc5 7. Qe2+ Be6 8. Ng5 Qd7 9. Nxe6 fxe6 10. O-O O-O 11. Be3 Bxe3 12. Qxe3 Nc6 13. Bb5 a6 14. Bxc6 Qxc6 15.
c3 Rae8 16. Nd2 e5 17. Nb3 Nh5 18. Rad1 Nf4 19. Rfe1 Rf6 20. Nd4 Qd7 21. Ne2 Ng6 22.
Qc5 Rd6 23. Rd2 Rc8 24. Qa7 Rf8 25. Red1 Qf7 26. Qc5 Nh4 27. Ng3 Rf6 28. Qxd5 Qxd5 29.
Rxd5 Rxf2 30. R5d2 R2f4 31. Rf1 g5 32. Re2 Ng6 33. Rxf4 exf4 34. Ne4 g4 35. Ng5 h6 36.
Ne6 Rf6 37. Nd4 Kf7 38. Rf2 Ne5 39. Kf1 h5 40. Ke2 h4 41. h3 f3+ 42. gxf3 g3 43. Rg2 Ng6 44. Ke3 Nf4 45. Rg1 Nxh3 46. Rg2 Nf4 47.
Ne2 Nxg2+ 48. Kd2 Nf4 0-1

[Event "Late-Titled-Tuesday-Blitz-November-28-2023"]
[Site "Chess.com"]
[Date "2023.11.28"]
[Round "1"]
[White "GiorgianBarbosa"]
[Black "Elbebiber"]
[Result "1-0"]
[WhiteElo "2529"]
[BlackElo "2132"]
[TimeControl "180+1"]
[EndTime "14:07:53 PST"]
[Termination "GiorgianBarbosa won on time"]

1. d4 Nf6 2. Nf3 e6 3. e3 b6 4.
Bd3 Bb7 5. O-O Be7 6. b3 O-O 7. Bb2 c5 8. Nbd2 d6 9. a3 Nc6 10. c4 Re8 11. Qc2 h6 12. Rfe1 e5 13. dxe5 dxe5 14. Nxe5 Nxe5 15. Bxe5 Qd7 16. Bf5 Qc6 17.
Nf3 Bf8 18. Bb2 Rad8 19. Rad1 Ne4 20. Bxe4 Qxe4 21. Qxe4 Bxe4 22. Rxd8 Rxd8 23. Rc1 f6 24. Bc3 Kf7 25. Kf1 Be7 26. Ke1 Rd7 27. Rd1 Ke6 28.
Rxd7 Kxd7 29. Kd2 Bd6 30. Ke2 Ke6 31. g3 Bc2 32. Nd2 Bg6 33. e4 Bc7 34. f4 Bf7 35.
Ke3 Kd7 36. Nf3 Bd6 37. e5 Be7 38. exf6 gxf6 39. Nh4 Be6 40. f5 Bf7 41. Ng6 Bd6 42.
Kf3 b5 43. cxb5 Bxb3 44. Bxf6 c4 45. Bc3 Bxa3 46. g4 Ba4 47. h4 Bxb5 48. g5 hxg5 49. h5 Ke8 50. h6 Bc6+ 51. Kg4 1-0

[Event "Late-Titled-Tuesday-Blitz-November-28-2023"]
[Site "Chess.com"]
[Date "2023.11.28"]
[Round "1"]
[White "biostatistician"]
[Black "picturesquecheck"]
[Result "0-1"]
[WhiteElo "2647"]
[BlackElo "2364"]
[TimeControl "180+1"]
[EndTime "14:07:57 PST"]
[Termination "picturesquecheck won on time"]

1. d4 Nf6 2. Nf3 d5 3. c4 e6 4.
Nc3 Bb4 5. e3 O-O 6. Bd3 c5 7.
O-O cxd4 8. exd4 dxc4 9. Bxc4 b6 10. Bg5 Bb7 11. Qe2 Nbd7 12. Rad1 Rc8 13. Ne5 Bxc3 14. bxc3 Qc7 15. Bb5 Nxe5 16. dxe5 Nd5 17. Qg4 Qxe5 18. Rfe1 Qxc3 19. h4 Qb4 20. Re4 Qxb5 21. Bh6 g6 22. h5 Nf6 23. Qh4 Qxh5 24. Qxh5 Nxh5 25. Red4 Rfe8 26. Rd7 Bd5 27. Rxa7 Ra8 28. Rxa8 Rxa8 29. Rc1 Ng7 30. g4 b5 31. f4 Bc4 32. Rd1 Ne8 33. a3 Nf6 34. g5 Nd5 35. Kf2 Nxf4 36. Ke3 Nd5+ 37. Kd4 Rxa3 38. Kc5 Ra8 39. Kd6 Ne3 40. Re1 Nf5+ 41. Ke5 Nxh6 42. gxh6 f6+ 43. Kxf6 Rf8+ 44. Ke7 b4 45. Re4 Rc8 46. Kd7 Rc5 47. Kd6 Rd5+ 48.
Ke7 Rc5 49. Kd6 Rc8 50. Kd7 Rb8 51. Rxc4 b3 52. Kc7 b2 0-1

[Event "Late-Titled-Tuesday-Blitz-November-28-2023"]
[Site "Chess.com"]
[Date "2023.11.28"]
[Round "1"]
[White "Aleksandar-Topalov"]
[Black "Aradhya2000"]
[Result "0-1"]
[WhiteElo "2385"]
[BlackElo "2715"]
[TimeControl "180+1"]
[EndTime "14:08:00 PST"]
[Termination "Aradhya2000 won on time"]

1. b3 e5 2. Bb2 Nc6 3. e3 Nf6 4. Bb5 Bd6 5. Na3 Na5 6. Be2 c6 7. c4 O-O 8. Nc2 b5 9. d3 bxc4 10. dxc4 Qe7 11. Nf3 e4 12. Nfd4 Be5 13. O-O d6 14. b4 c5 15. bxa5 cxd4 16. Nxd4 Bd7 17. Bc3 Rfc8 18. Rb1 Qd8 19. Rb7 d5 20. Qb3 Rab8 21.
a6 Bxd4 22. Bxd4 Bc6 23. Bxa7 Ra8 24. Bd4 Ne8 25. c5 Nc7 26. Qb2 Nxa6 27. Rb6 Nb8 28. Bxg7 Nd7 29. Bh6 Qf6 30. Qxf6 Nxf6 31. Rfb1 Nd7 32.
R6b2 Nxc5 33. h3 Bd7 34. Bf4 Na4 35. Rd2 Nc3 36. Rbb2 Be6 37. Be5 Nxe2+ 38. Rxe2 Ra3 39. Bd4 Rd3 40. Rec2 Rd1+ 41. Kh2 Rxc2 42. Rxc2 Kf8 43.
Rb2 Rd3 44. a4 Ke7 45. a5 Bc8 46. Rb8 Kd7 0-1

[Event "Late-Titled-Tuesday-Blitz-November-28-2023"]
[Site "Chess.com"]
[Date "2023.11.28"]
[Round "1"]
[White "Rakitic2010"]
[Black "sofaceindisguise"]
[Result "1/2-1/2"]
[WhiteElo "2445"]
[BlackElo "2850"]
[TimeControl "180+1"]
[EndTime "14:08:01 PST"]
[Termination "Game drawn - insufficient material"]

1. e4 c5 2. Nf3 e6 3. d4 cxd4 4. Nxd4 a6 5. Bd3 Qc7 6. O-O Nf6 7. Qe2 d6 8. c4 Be7 9. Nc3 O-O 10.
f4 Nbd7 11. Kh1 b6 12. Bd2 Bb7 13. Rae1 Rac8 14. Nf3 e5 15. f5 Rfe8 16. g4 Nxg4 17. Rg1 Ngf6 18. Qg2 g6 19. Ng5 Nf8 20. Nd5 Bxd5 21.
exd5 e4 22. Rxe4 Nxe4 23. Nxe4 Bd8 24. Bc3 Rxe4 25. Qxe4 Qc5 26. Bd4 Qb4 27. a3 Qd2 28. fxg6 hxg6 29. Qf3 Qh6 30. Be3 Qh7 31. Qg4 Rb8 32. Bd4 b5 33. Rg3 Qh4 34. Qxh4 Bxh4 35. Rh3 g5 36. c5 dxc5 37. Bxc5 Nd7 38. Bd4 Re8 39. Re3 Rd8 40. a4 Bf2 41. Re4 Bxd4 42.
Rxd4 bxa4 43. Bxa6 Nc5 44. Bb5 Rb8 45. Bxa4 Nxa4 46. Rxa4 Rxb2 47. Rg4 f6 48. h4 Kf7 49. hxg5 fxg5 50. Rxg5 Rd2 51. Re5 Kf6 52. Rh5 Kg6 53. Re5 Kf6 54. Re6+ Kf5 55. Rd6 Ke5 56. Rd8 Rxd5 57.
Rxd5+ Kxd5 1/2-1/2

[Event "Late-Titled-Tuesday-Blitz-November-28-2023"]
[Site "Chess.com"]
[Date "2023.11.28"]
[Round "1"]
[White "Alex_Sahakyan2006"]
[Black "Dzidzik2203"]
[Result "1/2-1/2"]
[WhiteElo "2695"]
[BlackElo "2385"]
[TimeControl "180+1"]
[EndTime "14:08:02 PST"]
[Termination "Game drawn by repetition"]

1. Nf3 d5 2. g3 Nf6 3. Bg2 Bg4 4. O-O Nbd7 5. d3 e5 6. Nbd2 Be7 7. h3 Bh5 8. b3 O-O 9. Bb2 Bd6 10. c4 c6 11. Rc1 Qe7 12. Nh4 Bg6 13. Nxg6 hxg6 14. cxd5 cxd5 15. Rc2 Ba3 16. Qc1 Bxb2 17. Qxb2 Rfc8 18.
Rfc1 Nb6 19. Nf3 d4 20. Nd2 Rxc2 21. Rxc2 Nfd5 22. Ne4 f5 23. Nc5 Rc8 24. b4 Kh7 25. Qb3 Rd8 26. a4 Nc3 27. Nxb7 Rf8 28. a5 Nd7 29. b5 Nc5 30. Nxc5 Qxc5 31. b6 Qxa5 32. b7 Qc7 33. Rb2 Rb8 34. Qe6 e4 35. dxe4 Rxb7 36.
Rxb7 Qxb7 37. exf5 Qb1+ 38. Kh2 Qxf5 39. Qe7 Qxf2 40.
Qh4+ Kg8 41. Qd8+ Kh7 42. Qh4+ Kg8 43. Qd8+ Qf8 44. Bd5+ Nxd5 45. Qxd5+ Kh8 46. Qxd4 a5 47. Kg2 Qa8+ 48. e4 a4 49. Qb2 a3 50. Qa2 Qa4 51. Kf3 Qb4 52. e5 Qb2 53. Qc4 a2 54. Qh4+ Kg8 55. Qd8+ Kh7 56. Qh4+ Kg8 57. Qd8+ Kh7 58.
Qh4+ Kg8 1/2-1/2

[Event "Late-Titled-Tuesday-Blitz-November-28-2023"]
[Site "Chess.com"]
[Date "2023.11.28"]
[Round "1"]
[White "liwadas82"]
[Black "NikolaGry"]
[Result "0-1"]
[WhiteElo "2383"]
[BlackElo "2711"]
[TimeControl "180+1"]
[EndTime "14:08:06 PST"]
[Termination "NikolaGry won by resignation"]

1. e4 d5 2. exd5 Nf6 3. d4 Bg4 4. Be2 Bxe2 5. Nxe2 Qxd5 6. O-O Nc6 7. Nbc3 Qh5 8. h3 O-O-O 9. a3 e5 10. d5 Ne7 11. Qe1 Nexd5 12. Nxd5 Nxd5 13. c4 Nb6 14. Ng3 Qg6 15. Qxe5 Nxc4 16. Qb5 Qc6 17.
Qxc6 bxc6 18. Ne4 Be7 19. b3 Nb6 20. Bb2 f6 21. Rac1 Kb7 22. a4 a6 23. Ng3 Rhe8 24.
Rc2 Bf8 25. Rfc1 c5 26. a5 Nd7 27. b4 Ne5 28. bxc5 Kc6 29. Ne2 Nd3 30. Nd4+ Rxd4 31.
Bxd4 Nxc1 32. Rxc1 Rd8 33. Be3 Rd5 34. Re1 Re5 35. Rb1 Bxc5 36. Bxc5 Rxc5 37. Rb8 Rxa5 38. Rg8 Rg5 39. h4 Rg4 40. g3 Kb7 41. Kg2 a5 42.
f3 Rb4 43. Rxg7 a4 44. Rd7 a3 45. Rd1 a2 46. Ra1 Ra4 47. Kf2 Kc6 48. g4 Kd5 49. Ke3 Ra3+ 50. Ke2 Ke5 51. g5 fxg5 52. hxg5 Kf5 53.
Kd2 Kxg5 54. Kc2 Kf4 55. Kb2 Ra7 56. Kb3 h5 57. Kb2 h4 58. Kc2 h3 59. Kb2 h2 60.
Kc2 h1=Q 61. Rxh1 a1=Q 62. Rxa1 Rxa1 63. Kb2 Ra6 0-1

[Event "Late-Titled-Tuesday-Blitz-November-28-2023"]
[Site "Chess.com"]
[Date "2023.11.28"]
[Round "1"]
[White "elchacal664"]
[Black "vladgoncharov"]
[Result "1-0"]
[WhiteElo "2346"]
[BlackElo "2618"]
[TimeControl "180+1"]
[EndTime "14:08:11 PST"]
[Termination "elchacal664 won on time"]

1. e4 e6 2. Qe2 c5 3. c3 Nc6 4.
Nf3 g6 5. g3 Bg7 6. Bg2 Nge7 7.
O-O O-O 8. d3 d6 9. Bg5 h6 10. Bf4 Rb8 11. h4 b5 12. Qd2 Kh7 13. Kh2 b4 14. Rh1 bxc3 15. bxc3 Ba6 16. Kg1 f5 17. h5 Qe8 18. hxg6+ Qxg6 19. Bxd6 Rbd8 20. Nh4 Qf7 21. Bxc5 Rxd3 22. Qc2 Rfd8 23. exf5 exf5 24. Be3 Rd1+ 25. Kh2 Rxh1+ 26. Bxh1 Ne5 27. Nd2 Ng4+ 28. Kg1 Nxe3 29. fxe3 Rd3 30. Ndf3 Rxc3 31. Qf2 Rxe3 32.
Qxe3 Bxa1 33. Ne5 Qxa2 34. Nef3 Qf7 35. Qxa7 Qf6 36. Nxf5 Qxf5 37. Qxe7+ Bg7 38. Nh4 Qf1+ 39. Kh2 Qf2+ 40. Bg2 Bd3 41. Qe6 Be5 42. Qxe5 Qc2 43. Qf4 Kg7 44. Qe5+ Kh7 45. Qf4 Kg7 46. Qg4+ Kh7 47.
Nf3 Bf5 48. Qf4 Kg7 49. Nh4 Bh7 50. Qe5+ Kg8 51. Qe3 Kg7 52. Nf3 Be4 53. Ne1 Qc6 54.
Qxe4 Qf6 55. Qb7+ Kh8 56. Qc6 1-0

[Event "Late-Titled-Tuesday-Blitz-November-28-2023"]
[Site "Chess.com"]
[Date "2023.11.28"]
[Round "1"]
[White "Nf3c5"]
[Black "ChristopherYoo"]
[Result "0-1"]
[WhiteElo "2487"]
[BlackElo "3039"]
[TimeControl "180+1"]
[EndTime "14:08:12 PST"]
[Termination "ChristopherYoo won by checkmate"]

1. d4 f5 2. b3 Nf6 3. Bb2 g6 4. g3 Bg7 5. Bg2 O-O 6. Nf3 d6 7. O-O Na6 8. Nbd2 Qe8 9. a4 Ne4 10.
Nc4 g5 11. Nfd2 Qg6 12. Nxe4 fxe4 13. f3 exf3 14. Bxf3 Bh3 15. Rf2 c6 16. e4 g4 17.
Bh1 Rxf2 18. Kxf2 Rf8+ 19. Ke2 Bf1+ 20. Qxf1 Rxf1 21. Rxf1 Qh6 22. Rf2 c5 23. e5 cxd4 24. exd6 Qe6+ 25. Kd1 exd6 26. Re2 Qf6 27. Bd5+ Kf8 28.
Ke1 Qh6 29. Rf2+ Ke8 30. Re2+ Kd7 31. Ba3 Nc5 32. Bxc5 dxc5 33. Be4 Qg5 34. Bd3 h5 35. a5 Qc1+ 36. Kf2 Qg5 37. Kg2 h4 38. gxh4 Qxh4 39. Be4 Kc7 40. a6 b5 41. Nd2 Qh3+ 42. Kg1 g3 43.
Nf1 gxh2+ 44. Rxh2 Qg4+ 45. Rg2 Qxe4 46. Rxg7+ Kb6 47.
Rg2 Kxa6 48. Ng3 Qf3 49. Kh2 c4 50. bxc4 bxc4 51. Kh3 d3 52. cxd3 cxd3 53. Kh2 Kb5 54. Rb2+ Kc4 55. Rb8 d2 56. Rc8+ Kd3 57. Rd8+ Kc2 58.
Rc8+ Kd1 59. Rb8 Ke1 60. Re8+ Kf2 61. Rd8 Qxg3+ 62. Kh1 Qg2# 0-1

[Event "Late-Titled-Tuesday-Blitz-November-28-2023"]
[Site "Chess.com"]
[Date "2023.11.28"]
[Round "1"]
[White "K_A_S_T_O_R"]
[Black "ploxoi"]
[Result "1-0"]
[WhiteElo "2893"]
[BlackElo "2451"]
[TimeControl "180+1"]
[EndTime "14:08:12 PST"]
[Termination "K_A_S_T_O_R won by resignation"]

1. e4 c5 2. Nf3 e6 3. d4 cxd4 4. Nxd4 Nc6 5. Nb5 d6 6. c4 Nf6 7. N1c3 a6 8. Na3 Be7 9. Be2 O-O 10. O-O Qc7 11. Be3 b6 12. Rc1 Ne5 13. Qd2 Bb7 14.
f3 Rac8 15. Rfd1 Rfd8 16. Kh1 Ned7 17. Bf1 Qb8 18. Qf2 Bc6 19. Rc2 Bf8 20. Rcd2 Nc5 21.
Bf4 Ne8 22. h3 Qb7 23. Rc1 Qb8 24. Qg3 Kh8 25. Rcd1 Be7 26. Bg5 Nf6 27. Be3 h6 28. Qf2 Ne8 29. Bf4 Bf6 30. Nab1 Rd7 31. Qe3 Rcd8 32.
Na3 e5 33. Bg3 Ne6 34. Qe1 Bg5 35. Rf2 N8c7 36. Nd5 Nd4 37. Nc2 Nce6 38. Ndb4 Bb7 39. Nxd4 Nxd4 40. Nc2 Ne6 41. Nb4 Nd4 42. Bd3 Qa8 43.
Rf1 g6 44. Bf2 Bf6 45. Nc2 Nxc2 46. Bxc2 Qa7 47. Qe3 Rc8 48. Qxh6+ Kg8 49. Bd3 Bc6 50. Qe3 Bd8 51. Be2 Qb7 52. b3 b5 53. Rd2 bxc4 54.
Bxc4 Bb5 55. Bxb5 axb5 56. Rfd1 Be7 57. Qe2 Ra8 58. Rd5 Rb8 59. Bg3 Rc7 60. Kh2 Rc6 61. R1d2 Ra6 62. Bf2 Bg5 63. Be3 Be7 64. f4 exf4 65. Bxf4 Rd8 66. e5 Qb8 67. Qd3 Bf8 68. exd6 Qa8 69. d7 Qc6 70. Bg5 Qc7+ 71. g3 Re6 72.
Bxd8 Qxd8 73. Re2 Rf6 74. Qd2 Be7 75. Rxe7 1-0

[Event "Late-Titled-Tuesday-Blitz-November-28-2023"]
[Site "Chess.com"]
[Date "2023.11.28"]
[Round "1"]
[White "GoValya"]
[Black "SnekkerAndersen"]
[Result "0-1"]
[WhiteElo "2194"]
[BlackElo "2552"]
[TimeControl "180+1"]
[EndTime "14:08:13 PST"]
[Termination "SnekkerAndersen won by resignation"]

1. d4 h6 2. c4 a6 3. d5 e6 4. Nc3 Nf6 5. e4 exd5 6. cxd5 Bb4 7. Bd3 O-O 8. Ne2 d6 9. O-O Re8 10. Qc2 Nbd7 11. a3 Ba5 12. Nd4 Nc5 13. b4 Nxd3 14.
Qxd3 Bb6 15. Kh1 Ng4 16. h3 Qf6 17. Be3 Nxe3 18. fxe3 Qe5 19. Nf5 a5 20. Rac1 axb4 21. axb4 Ra3 22. Qd2 Bd7 23. Nd4 c6 24. b5 c5 25. Nf3 Qe7 26. Qb2 Rea8 27. Ra1 R3a5 28.
Rxa5 Rxa5 29. Ra1 Kh7 30. Nd2 Bc7 31. Rxa5 Bxa5 32. Nc4 Bxc3 33. Qxc3 Qxe4 34. Nxd6 Qxd5 35. Nc4 Bxb5 36. Ne5 f6 37. Qc2+ Kg8 38. Ng6 Qd6 39. Qe4 Bc6 40. Qf5 Kf7 41. Nf4 Qe5 42. Qg6+ Kf8 43. Qh7 Qe4 44. Ng6+ Kf7 45. Nh8+ Kf8 46. Ng6+ Kf7 47. Nh8+ Ke6 48. Qg8+ Kd6 49. Nf7+ Kd5 50. Qd8+ Ke6 51. Qd6+ Kxf7 52. Qg3 Qxg2+ 53. Qxg2 Bxg2+ 54. Kxg2 Ke6 55. Kf2 Ke5 56. Ke2 b5 57. Kd3 c4+ 58. Kc3 Ke4 59. Kb4 Kxe3 0-1

[Event "Late-Titled-Tuesday-Blitz-November-28-2023"]
[Site "Chess.com"]
[Date "2023.11.28"]
[Round "1"]
[White "GAZZAN_3000"]
[Black "Fortitudine"]
[Result "1/2-1/2"]
[WhiteElo "2660"]
[BlackElo "2374"]
[TimeControl "180+1"]
[EndTime "14:08:16 PST"]
[Termination "Game drawn - insufficient material"]

1. d4 Nf6 2. Nf3 c5 3. d5 g6 4.
Nc3 Bg7 5. e4 O-O 6. e5 Ne8 7.
h4 d6 8. h5 dxe5 9. hxg6 hxg6 10. Qe2 Bg4 11. Be3 Qa5 12. Qc4 Qb4 13. Bxc5 Qxc4 14.
Bxc4 Bxf3 15. gxf3 Nd6 16. Bd3 Nd7 17. Be3 Rfc8 18.
Ne4 Nf6 19. Nxd6 exd6 20. c4 b5 21. b3 bxc4 22. bxc4 a5 23. Ke2 Nd7 24. Rab1 Rcb8 25. Bd2 Nc5 26. Bc2 f5 27. a4 Kf7 28. Rb5 Rxb5 29.
cxb5 Nb7 30. Rc1 Rc8 31. Bd1 Rxc1 32. Bxc1 Bf6 33. Bd2 Bd8 34. f4 Kf6 35. Bc3 Bb6 36.
Bc2 g5 37. fxe5+ dxe5 38. Bb2 Bc5 39. Bc3 g4 40. Kf1 Bd6 41. Kg2 Kg5 42. Bd2+ f4 43.
Bh7 Kf6 44. Be4 Nc5 45. Bc2 Nb7 46. f3 gxf3+ 47. Kxf3 Bc5 48. Kg4 Bb6 49. Bc3 Nd6 50. Kf3 Nb7 51. Bb2 Nd6 52. Ba3 Nf5 53. d6 Nd4+ 54. Ke4 Nxc2 55. Bb2 Nb4 56. Bxe5+ Ke6 57. Bxf4 Kd7 58. Kf5 Nd5 59. Bg3 Nc3 60. Ke5 Nxa4 61. Kd5 Nc5 62. Bf2 Nb7 63. Bxb6 Nxd6 64. Bxa5 Nxb5 1/2-1/2

[Event "Late-Titled-Tuesday-Blitz-November-28-2023"]
[Site "Chess.com"]
[Date "2023.11.28"]
[Round "1"]
[White "OneTrickPony_82"]
[Black "Bauman_Guy"]
[Result "1-0"]
[WhiteElo "2493"]
[BlackElo "2868"]
[TimeControl "180+1"]
[EndTime "14:08:19 PST"]
[Termination "OneTrickPony_82 won by resignation"]

1. d4 Nf6 2. c4 e6 3. Nf3 d5 4. Nc3 c5 5. cxd5 Nxd5 6. e4 Nxc3 7. bxc3 cxd4 8. cxd4 Bb4+ 9. Bd2 Bxd2+ 10. Qxd2 O-O 11. Rd1 Nd7 12. Bd3 b6 13. O-O Bb7 14. Rfe1 Rc8 15. a4 Qc7 16. Rc1 Qb8 17. a5 h6 18. h3 Rfd8 19.
Ra1 Qc7 20. Rec1 Qd6 21. axb6 axb6 22. Qb2 Qb8 23. Nd2 Qf4 24. g3 Qf6 25. e5 Qg5 26.
Be4 Nc5 27. Rxc5 bxc5 28. Bxb7 Rb8 29. Ne4 Qf5 30. Nd6 Qxh3 31. dxc5 h5 32. c6 h4 33. Ra3 Qg4 34. c7 h3 35. cxd8=Q+ Rxd8 36. Qd2 Kh7 37. Ra8 Rd7 38. Bh1 Rc7 39. Ra1 g6 40. Rd1 Kg7 41. Kh2 Ra7 42. Rf1 Ra3 43. Qf4 Qxf4 44. gxf4 Ra4 45.
Ne4 Kh6 46. Kxh3 Kh5 47. Kg3 Ra3+ 48. Bf3+ Kh6 49. Rh1+ Kg7 50. Nf6 Kf8 51. Rh8+ Kg7 52. Rg8+ Kh6 53. Rh8+ Kg7 54. Rh7+ Kf8 55. Kg4 Ra2 56.
Rh8+ Kg7 57. Rg8+ Kh6 58. Rf8 Kg7 59. Re8 Rxf2 60. Kg5 Rg2+ 61. Kh4 Rf2 62. Kg3 Rf1 63. Rg8+ Kh6 64. Rf8 Kg7 65. Re8 Rg1+ 66. Kf2 Ra1 67.
Re7 Kf8 68. Rc7 Kg7 69. Ne4 Ra8 70. Ng5 Rf8 71. Nxe6+ 1-0

[Event "Late-Titled-Tuesday-Blitz-November-28-2023"]
[Site "Chess.com"]
[Date "2023.11.28"]
[Round "1"]
[White "DanylaBagrov"]
[Black "carloseduar100"]
[Result "1-0"]
[WhiteElo "2592"]
[BlackElo "2266"]
[TimeControl "180+1"]
[EndTime "14:08:21 PST"]
[Termination "DanylaBagrov won by checkmate"]

1. e4 e6 2. Qe2 b6 3. d4 Bb7 4. c4 Nf6 5. Nc3 Bb4 6. f3 O-O 7. Bg5 h6 8. Bh4 Be7 9. Qc2 d5 10. cxd5 exd5 11. e5 Nh5 12. Bf2 Nf4 13. Nge2 Nxe2 14.
Bxe2 c5 15. O-O cxd4 16. Nb5 Nc6 17. f4 Bc5 18. Rad1 Rc8 19. Qf5 g6 20. Qh3 a6 21.
Qxh6 axb5 22. Rd3 Qc7 23. Rh3 f5 24. Qh8+ Kf7 25. Rh7+ Ke6 26. Rxc7 Rxh8 27. Rxb7 Na5 28. Rg7 Rcg8 29. Rxg8 Rxg8 30. b3 g5 31. fxg5 Rxg5 32.
Bxb5 Kxe5 33. Bd3 Rg4 34. Be1 Nc6 35. Rxf5+ Kd6 36. Bg3+ Kd7 37. Rxd5+ Kc8 38. Bf5+ Kb7 39. Rd7+ Ka6 40. Bxg4 d3+ 41. Kf1 Nd4 42. Rxd4 Bxd4 43. h4 Kb5 44. Be1 Kc5 45. h5 Kd5 46. Bd2 Ke5 47. g3 Kf6 48. Kg2 Kg7 49. Kf3 Kh7 50. Bf5+ Kh8 51. h6 b5 52. Bxd3 b4 53. Ke4 Ba1 54.
Bxb4 Kh7 55. Bd2 Kh8 56. Kd5 Bf6 57. Ke6 Bd8 58. Bc3+ Kg8 59. h7+ Kf8 60. h8=Q# 1-0